 Dungeon Crawl Stone Soup version 0.28.0-53-g5a82cb258f (webtiles) character file.

Game seed: 373082505033588435

47 bnorton916 the Magician (level 3, 0/19 HPs)
             Began as a Deep Elf Fire Elementalist on June 4, 2022.
             Slain by a gnoll
             ... wielding a +0 halberd
              (4 damage)
             ... on level 2 of the Dungeon.
             The game lasted 00:00:58 (1665 turns).

bnorton916 the Magician (DEFE)                      Turns: 1665, Time: 00:00:58

Health: 0/19       AC:  2    Str:  5    XL:     3   Next: 48%
Magic:  7/10       EV: 12    Int: 21    God:
Gold:   66         SH:  0    Dex: 15    Spells: 8/9 levels left

rFire   . . .      SeeInvis .   (no weapon)
rCold   . . .      Faith    .   (no shield)
rNeg    . . .      Spirit   .   a - +0 robe
rPois   .          Reflect  .   (no helmet)
rElec   .          Harm     .   (no cloak)
rCorr   +          Rampage  .   (no gloves)
Will    .....                   (no boots)
Stlth   ++........              (no amulet)
HPRegen 0.06/turn               i - ring of wizardry
MPRegen 0.12/turn               h - ring of resist corrosion

@: no status effects
A: no striking features
a: no special abilities


You were on level 2 of the Dungeon.
You visited 1 branch of the dungeon, and saw 2 of its levels.

You collected 66 gold pieces.

Inventory:

Armour
 a - a +0 robe (worn)
Jewellery
 h - a ring of resist corrosion (right hand)
 i - a ring of wizardry (left hand)
Scrolls
 b - a scroll of enchant armour {unknown}
 d - 2 scrolls of identify {unknown}
 e - a scroll of magic mapping {unknown}
Potions
 c - a potion of resistance {unknown}
 f - a potion of cancellation {unknown}
 g - a potion of curing {unknown}


   Skills:
 - Level 2.4 Dodging
 - Level 2.4 Stealth
 + Level 3.9 Spellcasting
 + Level 2.3 Conjurations
 + Level 3.9 Fire Magic


You had 8 spell levels left.
You knew the following spells:

 Your Spells              Type           Power      Damage    Failure   Level
a - Foxfire               Conj/Fire      68%        2x1d7     1%          1

Your spell library contained the following spells:

 Spells                   Type           Power      Damage    Failure   Level
 Scorch                   Fire           40%        2d7       1%          2
 Slow                     Hex            16%        N/A       4%          1
 Conjure Flame            Conj/Fire      17%        6-21      4%          3
 Inner Flame              Hex/Fire       12%        N/A       6%          3
 Flame Wave               Conj/Fire      17%        2d6       13%         4
 Confusing Touch          Hex            4%         N/A       16%         3
 Ozocubu's Armour         Ice            4%         N/A       16%         3
 Vampiric Draining        Necr           4%         2d6       16%         3
 Ozocubu's Refrigeration  Ice            2%         4d5       100%        7


Dungeon Overview and Level Annotations

Branches:
Dungeon (2/15)

Altars:


Message History

Found an escape hatch in the floor.
The bat moves out of view.
There are monsters nearby!
Casting: Foxfire (safe; 1% risk of failure)
Confirm with . or Enter, or press ? or * to list all spells.
You conjure some foxfire!
The gnoll shouts! x2; You hear a shout!
The foxfire hits the gnoll.
The gnoll is moderately wounded.
A worm comes into view.
A gnoll comes into view. It is wielding a +0 spear.
The foxfire hits the gnoll.
The gnoll is severely wounded.
Casting: Foxfire (safe; 1% risk of failure)
Confirm with . or Enter, or press ? or * to list all spells.
You conjure some foxfire!
The gnoll throws a throwing net.
The throwing net closely misses you.
A gnoll comes into view. It is wielding a +0 halberd.
The foxfire hits the gnoll.
The gnoll is lightly wounded.
The foxfire hits the gnoll.
The gnoll is heavily wounded.
The gnoll hits you from afar with a +0 halberd.
Casting: Foxfire (safe; 1% risk of failure)
Confirm with . or Enter, or press ? or * to list all spells.
You conjure some foxfire!
The bat barely misses you.
The gnoll hits you from afar with a +0 halberd!
The foxfire hits the bat.
You kill the bat!
The foxfire hits the gnoll.
You kill the gnoll!
The gnoll barely misses you.
Casting: Foxfire (safe; 1% risk of failure)
Confirm with . or Enter, or press ? or * to list all spells.
You conjure some foxfire!
The gnoll barely misses you.
The foxfire hits the gnoll.
The gnoll is moderately wounded.
The gnoll hits you from afar with a +0 spear.
* * * LOW HITPOINT WARNING * * *
The gnoll hits you from afar with a +0 halberd.
You die...

....# .⌠.. ...# .w.#
g>.# #gg.#
#####...####
#.§§@v⌠.....
##.##§§...##.
#..###...## ####.###
#.## #......###.#
.....####.....###.###
#### #####.......#
#.#####.# #.####


You could see a worm and 3 gnolls.

Vanquished Creatures
  2 gnolls
  2 endoplasms (D:1)
  2 hobgoblins (D:1)
  4 jackals (D:1)
  2 kobolds (D:1)
  A quokka (D:2)
  A ball python (D:1)
  3 bats
  2 frilled lizards
  5 goblins (D:1)
  2 rats (D:1)
26 creatures vanquished.

Vanquished Creatures (collateral kills)
  A foxfire (D:1)
1 creature vanquished.

Vanquished Creatures (others)
  110 foxfires
  4 plants (D:1)
114 creatures vanquished.

Grand Total: 141 creatures vanquished

Notes
Turn   | Place    | Note
-------+----------+-------------------------------------------
     0 | D:1      | bnorton916 the Deep Elf Fire Elementalist began the quest
                  | for the Orb.
     0 | D:1      | Reached XP level 1. HP: 10/10 MP: 6/6
   146 | D:1      | Reached XP level 2. HP: 11/15 MP: 2/8
  1046 | D:1      | Reached XP level 3. HP: 19/19 MP: 7/10
  1614 | D:2      | Found a faded altar of an unknown god.
  1665 | D:2      | Slain by a gnoll

Illustrated notes

Levels and vault maps discovered:
D:1:      dpeg_arrival_rooms_a, layout_loops_ring, corner_web_ring,
          serial_bayou_crossing
D:2:      layout_loops_cross, ebering_ecumenical_altar_abandoned,
          nrook_loot_triangle, grunt_ministairs_15, st_stairs_10,
          lightli_corner_chamber

Skill      XL: |  1  2 |
---------------+-------+-----
Conjurations   | 2 |  2.3
Dodging        | |  2.4
Stealth        | |  2.4
Spellcasting   | |  3.9
Fire Magic     | |  3.9

Action                   || total
-------------------------++-------
Melee: Unarmed           ||     2
 Cast: Foxfire           ||    66
Armor: Robe              ||     3
Dodge: Dodged            ||    18
